 Dungeon Crawl Stone Soup version 0.31-a0-1-g4198be8af4 (webtiles) character file.

Game seed: 17758617662383014002

6 cforsyth the Covered (level 2, 0/26 HPs)
             Began as a Meteoran Fighter on May 2, 2023.
             Slain by a goblin
             ... wielding a +0 dagger
             ... led by Robin
              (2 damage)
             ... on level 2 of the Dungeon.
             The game lasted 00:01:05 (192 turns).

cforsyth the Covered (Meteoran Fighter)              Turns: 192, Time: 00:01:06

Health: 0/26       AC:  7    Str: 17    XL:     2   Next: 11%
Magic:  3/3        EV:  9    Int:  9    God:
Gold:   31         SH:  5    Dex: 13    Spells: 1/1 levels left

rFire   . . .        a - +0 flail
rCold   . . .        c - +0 buckler
rNeg    . . .        b - +0 scale mail
rPois   .            (no helmet)
rElec   .            (no cloak)
rCorr   .            (no gloves)
SInv    .            (no boots)
Will    .....        (no amulet) Stlth
                     (no ring)
HPRegen 0.24/turn    (no ring)
MPRegen 0.08/turn

%: no passive effects
@: glowing
A: sense surroundings 1, otherworldly, glowing, explore regen
a: no special abilities


You were on level 2 of the Dungeon.
You visited 1 branch of the dungeon, and saw 2 of its levels.

You collected 31 gold pieces.

Inventory:

Hand Weapons
 a - a +0 flail (weapon)
Armour
 b - a +0 scale mail (worn)
 c - a +0 buckler (worn)
Scrolls
 e - a scroll of poison {unknown}
Potions
 d - a potion of might
 f - a potion of mutation {unknown}
 g - a potion of curing {unknown}


   Skills:
 + Level 3.4 Fighting
 + Level 2.9 Maces & Flails
 + Level 3.8 Armour
 + Level 3.7 Shields


You had one spell level left.
You didn't know any spells.
Your spell library was empty.

Dungeon Overview and Level Annotations

Branches:
Dungeon (2/15) Zot: 1000

Altars:

Annotations:
D:2 Robin


Innate Abilities, Weirdness & Mutations

You passively map a small area around you.
You are easily found by Zot.
You glow in the dark.
You regain HP and MP as you explore.


Message History

Found a club.
You see here a +0 club.
Robin, a hobgoblin and 6 goblins come into view.
The goblin shouts! x4; The hobgoblin shouts!
The goblin shouts!
You hear an angry hiss.
Robin roars a battlecry!
The goblins go into a battle-frenzy!
The goblin closely misses you.
You closely miss the goblin. The goblin misses you.
The goblin hits you with a +0 club.
You barely miss the goblin. The goblin hits you with a +0 club.
The goblin hits you but does no damage.
You hit the goblin but do no damage. The goblin hits you but does no damage.
The goblin closely misses you.
You closely miss the goblin. You block the goblin's attack.
The goblin hits you but does no damage. You block the goblin's attack.
The goblin barely misses you.
You closely miss the goblin.
The goblin hits you but does no damage. x2
You sock the goblin!
You kill the goblin!
The goblin barely misses you.
You closely miss the hobgoblin. The hobgoblin hits you.
The goblin hits you but does no damage. The goblin hits you with a +0 club.
The hobgoblin barely misses you.
You are too injured to fight recklessly!
You are too injured to fight recklessly!
The hobgoblin attacks as you move away!
The hobgoblin hits you but does no damage.
The goblin attacks as you move away! The goblin hits you with a +0 club.
* * * LOW HITPOINT WARNING * * *
The hobgoblin attacks as you move away! The hobgoblin hits you.
* * * LOW HITPOINT WARNING * * *
The goblin no longer looks unusually strong.
Robin throws the goblin at you!
The hobgoblin no longer looks unusually strong.
The goblin hits you but does no damage. Robin throws the goblin at you!
You hit the goblin but do no damage. The hobgoblin hits you.
* * * LOW HITPOINT WARNING * * *
The goblin hits you with a +0 dagger.
You die...

> * # ... *
*.##.#### * , * *
##....... #)g##.##
, * #.#.#...## #.#
* #gg#......## #.#
, #.#g#..g....#
#.# ...#g##..g..##
#.# , ###
#g*##g@.## #.# *
#g ##g## #.# #g
#.##########.#####
* *
#..)..............
,
###########.#..(..
#....... ##......
* * *#...... *
........


You could see Robin, a hobgoblin and 3 goblins.

Vanquished Creatures
  A bat (D:2)
  A giant cockroach (D:1)
  2 goblins
  A kobold (D:1)
  A rat (D:1)
6 creatures vanquished.

Notes
Turn   | Place    | Note
-------+----------+-------------------------------------------
     0 | D:1      | cforsyth the Meteoran Fighter began the quest for the Orb.
     0 | D:1      | Reached XP level 1. HP: 19/19 MP: 2/2
   149 | D:2      | Reached XP level 2. HP: 26/26 MP: 3/3
   179 | D:2      | Noticed Robin
   192 | D:2      | Slain by a goblin

Illustrated notes

Levels and vault maps discovered:
D:1:      wander_arrival_desolate, layout_loops_corners, serial_forest,
          infiniplex_forest_clump_long, infiniplex_forest_corner_1,
          infiniplex_forest_straight_3, infiniplex_forest_straight_3,
          infiniplex_forest_clump_double, infiniplex_forest_clump_small,
          infiniplex_forest_clump_long, grunt_decor_cap
D:2:      layout_loops_ring, uniq_robin

Action                     || total
---------------------------++-------
  Melee: Flail             ||    24
 Armour: Scale mail        ||    22
  Dodge: Dodged            ||    11
  Block: Buckler           ||    10

Table legend: (Time is in decaauts)
 A = Elapsed time spent in this place.
 B = Non-inter-level travel time spent in this place.
 C = Inter-level travel time spent in this place.
 D = Time resting spent in this place.
 E = Time spent auto-exploring this place.
 F = Levels seen in this place.
 G = Mean time per level.
                   A        B        C        D        E       F      G
               +--------+--------+--------+--------+--------+-----+--------+
         Total |    198 |    198 |      0 |      0 |      0 |   2 |   99.0 |
       Dungeon |    198 |    198 |      0 |      0 |      0 |   2 |   99.0 |
               +--------+--------+--------+--------+--------+-----+--------+

Top non-repeatable levels by time:
     D:1: 127 daAuts
     D:2: 70 daAuts
